 Dungeon Crawl Stone Soup version 0.20.1-1-g8b1a95d (webtiles) character file.

878 gobwax the Firebug (level 8, -1/46 HPs)
             Began as an Octopode Fire Elementalist on Aug 14, 2017.
             Killed from afar by an orc wizard (8 damage)
             ... with a puff of flame
             ... on level 5 of the Dungeon.
             The game lasted 00:11:39 (5361 turns).

gobwax the Firebug (Octopode Fire Elementalist)     Turns: 5361, Time: 00:11:40

Health: -1/46      AC:  1    Str:  8    XL:     8   Next: 4%
Magic:  0/33       EV: 13    Int: 19    God:
Gold:   271        SH:  0    Dex: 12    Spells: 6/16 levels left

rFire    . . .     SeeInvis .   e - +1 whip (drain)
rCold    . . .     Gourm    .   (no shield)
rNeg     . . .     Faith    .   (helmet restricted)
rPois    .         Spirit   +   t - amulet of guardian spirit
rElec    .         Reflect  .   s - ring of magical power
rCorr    .         Harm     .   x - ring of magical power
MR       .....                  (no ring)
Stlth    +++.......             (no ring)
Regen    0.2/turn               (no ring)
MPRegen  0.3/turn               (no ring)
                                (no ring)
                                (no ring)

@: slowed, very slow
A: almost no armour, stealthy swim, amphibious, 8 rings, constrict 8, camouflage
1, gelatinous body 1
a: no special abilities


You were on level 5 of the Dungeon.
You were hungry.

You visited 1 branch of the dungeon, and saw 5 of its levels.

You collected 271 gold pieces.

Inventory:

Hand Weapons
 e - a +1 whip of draining (weapon)
 m - a +0 dagger of holy wrath
Missiles
 u - 2 curare-tipped needles
Jewellery
 s - a ring of magical power (left tentacle)
 t - an amulet of guardian spirit (around mantle)
 w - an uncursed amulet of harm
 x - a ring of magical power (right tentacle)
 D - a +5 ring of intelligence {unknown}
Wands
 C - a wand of polymorph (8/24)
Scrolls
 d - 4 scrolls of fear {unknown}
 j - 2 scrolls of remove curse
 k - a scroll of random uselessness {unknown}
 n - a scroll of fog {unknown}
 q - a scroll of amnesia
 v - a scroll of magic mapping {unknown}
 y - a scroll of enchant armour {unknown}
 z - 4 scrolls of identify {unknown}
Potions
 c - a potion of lignification {unknown}
 f - a potion of agility {unknown}
 h - a potion of degeneration {unknown}
 i - a potion of mutation {unknown}
 l - 5 potions of curing {unknown}
 p - a potion of resistance {unknown}
 r - 3 potions of haste {unknown}
Books
 a - a book of Flames

   Spells                             Type                      Level
   a - Flame Tongue                   Conjuration/Fire             1
   b - Throw Flame                    Conjuration/Fire             2
   c - Conjure Flame                  Conjuration/Fire             3
   d - Inner Flame                    Hexes/Fire                   3
   e - Sticky Flame                   Conjuration/Fire             4
   f - Fireball                       Conjuration/Fire             5
 B - a book of Misfortune

   Spells                             Type                      Level
   a - Confusing Touch                Hexes                        1
   b - Confuse                        Hexes                        3
   c - Gell's Gravitas                Translocation                3
   d - Petrify                        Transmutation/Earth          4
   e - Metabolic Englaciation         Hexes/Ice                    5
   f - Yara's Violent Unravelling     Hexes/Transmutation          5
Comestibles
 b - 5 bread rations
 g - 2 meat rations
 o - 2 royal jellies
 A - 2 chunks of flesh
 E - 12 fruits


   Skills:
 - Level 0.8 Maces & Flails
 - Level 2.0 Dodging
 - Level 2.6 Stealth
 + Level 4.6 Spellcasting
 + Level 5.2 Conjurations
 * Level 5.9 Fire Magic


You had 6 spell levels left.
You knew the following spells:

 Your Spells              Type           Power        Failure   Level  Hunger
a - Flame Tongue          Conj/Fire      ####.        1%          1    None
b - Throw Flame           Conj/Fire      ####..       1%          2    #......
c - Conjure Flame         Conj/Fire      ####....     3%          3    ###....
d - Sticky Flame          Conj/Fire      ####....     13%         4    ####...


Dungeon Overview and Level Annotations

Branches:
Dungeon (5/15)
 Temple: D:4-7

Altars:
Ru
Xom


Innate Abilities, Weirdness & Mutations

You cannot wear most types of armour.
You are very stealthy in the water. (Stealth+)
You are amphibious.
You can wear up to eight rings at the same time.
You can use your tentacles to constrict eight enemies at once.
Your skin changes colour to match your surroundings (Stealth+).
Your rubbery body absorbs attacks. (AC +1, EV +1)


Message History

Aiming: Flame Tongue
Press: ? - help, Shift-Dir - straight line, f/p - orc wizard
Aim: an orc wizard, wielding a dagger and wearing an embroidered robe (moderately wounded, fast)
The flame tongue hits the orc wizard.
You kill the orc wizard!
As you read the scroll labeled ZITAWO DEFUBIM, it crumbles to dust.
You feel blessed for a moment.
It was a scroll of remove curse.
As you read the scroll labeled XUMYAFU VUANE, it crumbles to dust.
It is a scroll of amnesia.
Forget which spell ([?*] list [ESC] exit)?
Forget which spell ([?*] list [ESC] exit)?
Okay, then.
The orc priest invokes the aid of Beogh against you.
Beogh smites you!
* * * LOW HITPOINT WARNING * * *
The orc wizard gestures wildly while chanting.
The orc wizard seems to speed up.
The orc wizard gestures at you while chanting.
The puff of flame hits you!
You die...

#....... ####.###...
#.o..# #...
#.##.###...
#.##.o...##
##.####>###
####...###.#
..##.#####o......†.)#
#......@)o.##.).#####
##...#########.## ##
#.# #.# ..# ##


You could see an orc priest and an orc wizard.

Vanquished Creatures
  2 ogres (D:4)
  A howler monkey (D:5)
  A crimson imp (D:5)
  A bullfrog zombie (D:4)
  2 hounds
  An orc priest (D:3)
  A gnoll shaman (D:4)
  4 orc wizards
  An iguana (D:3)
  2 worker ants (D:5)
  8 gnolls
  7 adders
  2 adder zombies (D:4)
  2 dart slugs
  6 worms
  4 leopard geckos (D:1)
  17 orcs
  A ball python (D:1)
  3 giant cockroaches
  10 goblins
  9 hobgoblins
  10 jackals
  12 kobolds
  A ball python zombie (D:4)
  9 bats
  3 frilled lizards
  2 giant cockroach zombies (D:4)
  A jackal zombie (D:4)
  A leopard gecko skeleton (D:4)
  A leopard gecko zombie (D:4)
  A quokka skeleton (D:4)
  10 rats
136 creatures vanquished.

Vanquished Creatures (others)
  A withered plant (D:4)
1 creature vanquished.

Grand Total: 137 creatures vanquished

Notes
Turn   | Place    | Note
-------+----------+-------------------------------------------
     0 | D:1      | gobwax the Octopode Fire Elementalist began the quest for the Orb.
     0 | D:1      | Reached XP level 1. HP: 11/11 MP: 3/3
   150 | D:1      | Reached XP level 2. HP: 17/17 MP: 1/5
   399 | D:1      | Reached XP level 3. HP: 7/21 MP: 2/6
  1010 | D:2      | Reached XP level 4. HP: 23/27 MP: 7/7
  1573 | D:2      | Learned a level 2 spell: Throw Flame
  1577 | D:2      | Learned a level 3 spell: Conjure Flame
  1985 | D:3      | Reached XP level 5. HP: 18/31 MP: 5/8
  2344 | D:3      | Found a sacrificial altar of Ru.
  2765 | D:3      | Found a shimmering altar of Xom.
  3199 | D:3      | Reached XP level 6. HP: 27/36 MP: 10/10
  4058 | D:4      | Reached skill level 5 in Fire Magic
  4187 | D:4      | Reached XP level 7. HP: 41/41 MP: 12/12
  4760 | D:4      | Learned a level 4 spell: Sticky Flame
  5172 | D:5      | Entered Level 5 of the Dungeon
  5181 | D:5      | Reached skill level 5 in Conjurations
  5330 | D:5      | Reached XP level 8. HP: 46/46 MP: 9/14
  5361 | D:5      | Killed from afar by an orc wizard

Skill      XL: |  1  2  3  4  5  6  7 |
---------------+----------------------+-----
Conjurations   | 2 3 4 5 |  5.2
Fire Magic     | 4 5 |  5.9
Spellcasting   | 3 4 |  4.6
Maces & Flails | |  0.8
Dodging        | |  2.0
Stealth        | |  2.6

Action                   |  1- 3 |  4- 6 |  7- 9 || total
-------------------------+-------+-------+-------++-------
Melee: Whip              |    58 |    84 |     5 ||   147
       Constrict         |    14 |    21 |     1 ||    36
       Tentacles         |     6 |    13 |     2 ||    21
 Cast: Flame Tongue      |    10 |    38 |    40 ||    88
       Throw Flame       |       |    44 |    46 ||    90
       Conjure Flame     |       |     7 |     3 ||    10
       Sticky Flame      |       |       |     2 ||     2
  Use: Scroll            |       |       |     2 ||     2
 Stab: Sleeping          |     9 |     9 |       ||    18
       Distracted        |       |     1 |       ||     1
  Eat: Chunk             |       |    13 |     6 ||    19
Armor: Skin              |     7 |     4 |     1 ||    12
Dodge: Dodged            |    31 |    66 |     8 ||   105
